 Dungeon Sprint DCSS version 0.30-a0-335-ge5acde7520 (webtiles) character file.

Game seed: 3048749394998770892

1666 mhtbhm the Protected (level 8, -9/80 HPs)
             Began as an Armataur Fighter on Oct 30, 2022.
             Was an Initiate of Gozag.
             Mangled by an eight-headed hydra (12 damage)
             ... in the Dungeon (Sprint IX: "|||||||||||||||||||||||||||||").
             The game lasted 00:02:36 (513 turns).

mhtbhm the Protected (Armataur Fighter)              Turns: 513, Time: 00:02:36

Health: -9/80      AC: 14    Str: 26    XL:     8   Next: 69%
Magic:  8/8        EV:  7    Int: 11    God:    Gozag
Gold:   86         SH:  6    Dex: 11    Spells: 7/7 levels left

rFire   . . .      SeeInvis .    a - +0 flail
rCold   . . .      Faith    .    c - +0 buckler
rNeg    . . .      Spirit   .    b - +1 chain mail
rPois   .          Reflect  .    (no helmet)
rElec   .          Harm     .    (no cloak)
rCorr   .          Roll     +    n - +0 pair of gloves
Will    .....      NoTele   +    (no barding)
Stlth   ..........               (no amulet)
HPRegen 0.33/turn                o - +3 ring of intelligence
MPRegen 0.11/turn                p - +3 ring of strength

@: brilliant, gold aura
A: large, rugged brown scales 3, deformed body, armoured tail, roll, long
tongue, awkward tongue
a: Renounce Religion, Potion Petition, Call Merchant, Bribe Branch


You were in the Dungeon.
You worshipped Gozag.
Gozag was noncommittal.
You visited 1 branch You collected 486 gold pieces.
You paid 400 gold pieces to Gozag.

Inventory:

Hand Weapons
 a - a +0 flail (weapon)
Armour
 b - a +1 chain mail (worn)
 c - a +0 buckler (worn)
 n - a +0 pair of gloves (worn)
Jewellery
 o - a +3 ring of intelligence (left hand)
 p - a +3 ring of strength (right hand)
Wands
 m - a wand of roots (8)
Scrolls
 l - 2 scrolls of amnesia
Potions
 e - 5 potions of curing
 h - 4 potions of magic


   Skills:
 + Level 8.6 Fighting
 + Level 9.2 Maces & Flails
 + Level 14.0 Armour
 + Level 2.8 Dodging
 + Level 1.5 Stealth
 + Level 9.1 Shields
 + Level 0.7 Evocations


You had 7 spell levels left.
You didn't know any spells.
Your spell library was empty.

Dungeon Overview and Level Annotations

Branches:
Dungeon (1/1)

Altars:
Cheibriados
Dithmenos
Elyvilon
Fedhas
Gozag
Hepliaklqana
Kikubaaqudgha
Makhleb
Nemelex Xobeh
Okawaru
Qazlal
Ru
Sif Muna
Trog
Uskayaw
Vehumet
Wu Jian
Xom
Yredelemnul
Zin
The Shining One
Jiyva
Lugonu


Innate Abilities, Weirdness & Mutations

You are completely covered in rugged brown scales. (AC +3, +7% HP)
Armour fits poorly on your strangely shaped body.
You have a long armoured tail.
You roll when moving toward enemies. (Rampage)
Your long tongue fully drains potion bottles. (2x potion effects)
Your tongue gives you trouble enunciating. (1.5x scroll delay)


Message History

The eight-headed hydra bites you.
The eight-headed hydra bites you but does no damage.
You block the eight-headed hydra's attack.
The eight-headed hydra bites you.
You sock the eight-headed hydra! You tail-slap the eight-headed hydra!
The eight-headed hydra is heavily wounded.
The eight-headed hydra bites you. x2
The eight-headed hydra closely misses you.
You block the eight-headed hydra's attack.
The eight-headed hydra bites you.
The eight-headed hydra bites you but does no damage.
The eight-headed hydra bites you.
The eight-headed hydra closely misses you.
You hit the eight-headed hydra.
Your tail-slap misses the eight-headed hydra.
The eight-headed hydra is heavily wounded.
The eight-headed hydra bites you but does no damage. x2
The eight-headed hydra closely misses you.
The eight-headed hydra bites you but does no damage.
The eight-headed hydra barely misses you.
The eight-headed hydra bites you but does no damage. x2
You block the eight-headed hydra's attack.
You barely miss the eight-headed hydra.
The eight-headed hydra is heavily wounded.
The eight-headed hydra barely misses you.
The eight-headed hydra bites you but does no damage.
The eight-headed hydra bites you!
* * * LOW HITPOINT WARNING * * *
You block the eight-headed hydra's attack.
The eight-headed hydra bites you!
* * * LOW HITPOINT WARNING * * *
The eight-headed hydra bites you but does no damage.
The eight-headed hydra bites you.
* * * LOW HITPOINT WARNING * * *
The eight-headed hydra barely misses you.
You hit the eight-headed hydra.
The eight-headed hydra is severely wounded.
The eight-headed hydra bites you!
You die...
Your body crumbles into a pile of gold.

▓.▓
$
▓.▓
$
▓)▓
$
▓.▓
$
▓)▓
▓[▓
$
▓.▓
▓.▓
$
▓@▓
▓D▓
$
▓.▓
$
▓.▓
$
▓.▓
$
▓.▓
$ $
▓.▓
$
▓.▓
$
▓$▓


You could see an eight-headed hydra.

Vanquished Creatures
  A two-headed ogre (D)
  A manticore (D)
  An efreet (D)
  An unseen horror (D)
  A troll (D)
  A wraith (D)
  2 orc warriors (D)
  A centaur (D)
  An orc wizard (D)
  An adder (D)
  A gnoll (D)
  2 dart slugs (D)
  A giant cockroach (D)
  3 quokkas (D)
  2 ball pythons (D)
20 creatures vanquished.

Vanquished Creatures (others)
  A polar bear (shapeshifter) (D)
1 creature vanquished.

Grand Total: 21 creatures vanquished

Notes
Turn   | Place    | Note
-------+----------+-------------------------------------------
     0 | D        | mhtbhm the Armataur Fighter began the quest for the Orb.
     0 | D        | Reached XP level 1. HP: 19/19 MP: 1/1
     9 | D        | Reached skill level 4 in Armour
    33 | D        | Reached XP level 2. HP: 26/27 MP: 2/2
    45 | D        | Reached skill level 5 in Armour
    50 | D        | Reached XP level 3. HP: 26/35 MP: 3/3
   115 | D        | Found a snail-covered altar of Cheibriados.
   115 | D        | Found a shadowy altar of Dithmenos.
   115 | D        | Found a white marble altar of Elyvilon.
   115 | D        | Found a blossoming altar of Fedhas.
   115 | D        | Found an opulent altar of Gozag.
   116 | D        | Found a hazy altar of Hepliaklqana.
   117 | D        | Found a viscous altar of Jiyva.
   118 | D        | Found an ancient bone altar of Kikubaaqudgha.
   119 | D        | Found a corrupted altar of Lugonu.
   120 | D        | Found a burning altar of Makhleb.
   121 | D        | Found a sparkling altar of Nemelex Xobeh.
   122 | D        | Found an iron altar of Okawaru.
   123 | D        | Became a worshipper of Gozag Ym Sagoz the Greedy
   124 | D        | Found a stormy altar of Qazlal.
   125 | D        | Found a sacrificial altar of Ru.
   126 | D        | Found a shimmering blue altar of Sif Muna.
   127 | D        | Found a bloodstained altar of Trog.
   128 | D        | Found a hide-covered altar of Uskayaw.
   129 | D        | Found a radiant altar of Vehumet.
   130 | D        | Found an ornate altar of the Wu Jian Council.
   131 | D        | Found a shimmering altar of Xom.
   132 | D        | Found a basalt altar of Yredelemnul.
   133 | D        | Found a glowing silver altar of Zin.
   134 | D        | Found a glowing golden altar of the Shining One.
   183 | D        | Noticed a troll
   183 | D        | Noticed an orc warrior
   183 | D        | Noticed an orc warrior
   183 | D        | Noticed a centaur
   198 | D        | Killed a troll
   199 | D        | Reached skill level 5 in Maces & Flails
   199 | D        | Reached skill level 9 in Armour
   199 | D        | Reached skill level 1 in Dodging
   199 | D        | Reached XP level 4. HP: 20/47 MP: 4/4
   199 | D        | Reached XP level 5. HP: 23/53 MP: 5/5
   202 | D        | Killed an orc warrior
   203 | D        | Reached skill level 10 in Armour
   203 | D        | Reached XP level 6. HP: 21/62 MP: 6/6
   229 | D        | Killed an unseen horror
   230 | D        | Reached skill level 11 in Armour
   230 | D        | Reached XP level 7. HP: 45/70 MP: 7/7
   235 | D        | Reached skill level 12 in Armour
   382 | D        | Noticed a wraith
   382 | D        | Noticed a two-headed ogre
   382 | D        | Noticed a manticore
   382 | D        | Noticed an eight-headed hydra
   382 | D        | Noticed an efreet
   382 | D        | Noticed a hornet
   384 | D        | a hornet changed into a polar bear
   384 | D        | Noticed a polar bear (shapeshifter)
   389 | D        | Killed a polar bear
   394 | D        | Killed a wraith
   395 | D        | Killed a two-headed ogre
   396 | D        | Reached XP level 8. HP: 68/79 MP: 8/8
   398 | D        | Killed a manticore
   399 | D        | Reached skill level 13 in Armour
   400 | D        | HP: 3/80 [eight-headed hydra (5)]
   507 | D        | Killed an efreet
   508 | D        | Reached skill level 14 in Armour
   508 | D        | Reached skill level 1 in Stealth
   512 | D        | HP: 2/80 [eight-headed hydra (6)]
   513 | D        | Mangled by an eight-headed hydra

Illustrated notes

Levels and vault maps discovered:
D:        linesprint [early_d, line_temple, items_1, d_10, items_2, lair_1,
          lair_end, items_3, orc_1, orc_end, items_4, d_15, swamp_1, shoals_1,
          snake_1, spider_1, d_20, vaults_1, items_5, swamp_end, shoals_end,
          snake_end, spider_end, vaults_end, d_27, items_6, zot_1, zot_end,
          crypt_end, forest_end, elf_end, slime_end, tomb_end, abyss_end,
          pan_hell_end]

Skill      XL: |  1  2  3  4  5  6  7  8 |
---------------+-------------------------+-----
Fighting       | 3 6 7 8 |  8.6
Armour         | 4 5 9 10 11 12 14 | 14.0
Maces & Flails | 2 5 6 8 9 |  9.2
Shields        | 4 6 7 8 9 |  9.1
Dodging        | 1 2 |  2.8
Stealth        | 1 |  1.5
Evocations     | |  0.7

Action                   |  1- 3 |  4- 6 |  7- 9 || total
-------------------------+-------+-------+-------++-------
Melee: Flail             |    40 |    23 |    36 ||    99
       Tailslap          |     7 |     2 |     4 ||    13
Invok: Potion Petition   |       |       |     1 ||     1
Evoke: Wand              |       |     1 |     1 ||     2
  Use: Potion            |     2 |     2 |     3 ||     7
       Scroll            |       |     1 |     1 ||     2
 Stab: Invisible         |       |       |     2 ||     2
Armor: Scale mail        |    13 |       |       ||    13
       Chain mail        |     3 |    23 |    39 ||    65
Dodge: Dodged            |    16 |     2 |    38 ||    56
Block: Buckler           |     8 |     7 |    17 ||    32

Table legend: (Time is in decaauts)
 A = Elapsed time spent in this place.
 B = Non-inter-level travel time spent in this place.
 C = Inter-level travel time spent in this place.
 D = Time resting spent in this place.
 E = Time spent auto-exploring this place.
 F = Levels seen in this place.
 G = Mean time per level.
                   A        B        C        D        E       F      G
               +--------+--------+--------+--------+--------+-----+--------+
         Total |    536 |    536 |      0 |    215 |     80 |   1 |  536.0 |
       Dungeon |    536 |    536 |      0 |    215 |     80 |   1 |  536.0 |
               +--------+--------+--------+--------+--------+-----+--------+

Top non-repeatable levels by time:
       D: 536 daAuts
